 Dungeon Crawl Stone Soup version 0.18.1-6-gd335043 (webtiles) character file.

51 epen the Ruffian (level 3, 0/31 HPs)
             Began as a Centaur Monk on May 19, 2016.
             Slain by an orc
             ... wielding a +0 whip
              (3 damage)
             ... on level 2 of the Dungeon.
             The game lasted 00:02:23 (1684 turns).

epen the Ruffian (Centaur Monk)                     Turns: 1684, Time: 00:02:24

Health: 0/31       AC:  5    Str: 14    XL:     3   Next: 57%
Magic:  3/3        EV:  9    Int:  9    God:
Gold:   98         SH:  0    Dex: 11    Spells: 0 memorised, 2 levels left

rFire  . . .     SeeInvis .       - Unarmed
rCold  . . .     Gourm    .     h - +0 ring mail
rNeg   . . .     Faith    .     (no shield)
rPois  .         Spirit   .     (no helmet)
rElec  .         Dismiss  .     (no cloak)
rCorr  .         Reflect  .     (no gloves)
SustAt .         Harm     .     (no barding)
MR     .....                    (no amulet)
Stlth  ..........               (no ring)
                                (no ring)

@: very quick, not resistant to hostile enchantments, extremely unstealthy
A: hooves 3, deformed body, speed 2, tough skin 3
a: no special abilities


You were on level 2 of the Dungeon.
You were not hungry.

You visited 1 branch of the dungeon, and saw 3 of its levels.

You collected 98 gold pieces.

Inventory:

Armour
 a - a +0 robe
 h - a +0 ring mail (worn)
Jewellery
 c - a cursed +1 ring of evasion {unknown}
Scrolls
 i - a scroll of enchant armour {unknown}
 j - 3 scrolls of identify {unknown}
 k - a scroll of noise {unknown}
Potions
 e - 3 potions of curing {unknown}
 f - a potion of mutation {unknown}
 g - a potion of ambrosia {unknown}
 l - a potion of agility {unknown}
 m - a potion of berserk rage {unknown}
Comestibles
 b - 2 bread rations
 d - 4 meat rations


   Skills:
 * Level 3.4 Fighting
 + Level 0.9 Armour
 * Level 2.6 Dodging
 + Level 1.4 Stealth
 - Level 4.2 Unarmed Combat


You had 2 spell levels left.
You didn't know any spells.

Dungeon Overview and Level Annotations

Branches:
Dungeon (3/15)

Altars:
Ashenzari
Kikubaaqudgha
Pakellas
Zin

Annotations:
D:3 mopl's ghost, amateur TeSu


Innate Abilities, Weirdness & Mutations

You have hooves in place of feet.
Armour fits poorly on your strangely shaped body.
You cover ground very quickly.
You have extremely tough skin (AC +3).


Message History

The orc is heavily wounded.
The orc hits you with a club.
* * * LOW HITPOINT WARNING * * *
You hit the orc but do no damage. Your kick misses the orc.
The orc is heavily wounded.
The orc closely misses you.
You hit the orc.
You kill the orc!
You hit the orc. Your kick misses the orc.
The orc is severely wounded.
The orc hits you with a whip.
* * * LOW HITPOINT WARNING * * *
You closely miss the orc.
The orc is severely wounded.
The orc hits you with a whip.
* * * LOW HITPOINT WARNING * * *
You closely miss the orc.
The orc is severely wounded.
The orc hits you with a whip.
You die...

#####.######## ....#.# >##.#.#
#.#.#.# ########
##....######......# ########
###.###......<###.######......# #
#.# #.####.............####.#
###.# #.####...##.######## #.#
##.####.##.....o@.# #.# #.##
#........##### ####.### .##
#..##.#o.# #....†.. .# #........#
#.##.##. .# #.##..#.## #######
##.##.##. .#####.##.##.# #.....#
#........ .......##.##.####.....#
#..##.#.. .............)(.......#
#..##.#..
)......##.###.###...#####...#####


You could see an orc.

Vanquished Creatures
  3 dart slugs
  An orc (D:2)
  4 bats
  9 goblins
  3 hobgoblins
  7 jackals
  A quokka (D:2)
  2 giant newts
  6 kobolds
  4 rats
40 creatures vanquished.

Notes
Turn   | Place    | Note
--------------------------------------------------------------
     0 | D:1      | epen the Centaur Monk began the quest for the Orb.
     0 | D:1      | Reached XP level 1. HP: 19/19 MP: 1/1
   154 | D:1      | Reached XP level 2. HP: 10/26 MP: 2/2
   844 | D:2      | Found a shattered altar of Ashenzari.
   852 | D:2      | Found an oddly glowing altar of Pakellas.
   855 | D:2      | Found a glowing silver altar of Zin.
   870 | D:2      | Found an ancient bone altar of Kikubaaqudgha.
   991 | D:2      | Reached XP level 3. HP: 31/31 MP: 3/3
  1654 | D:3      | Noticed mopl's ghost (amateur TeSu)
  1684 | D:2      | Slain by an orc

Action                   || total
-------------------------++-------
Melee: Unarmed           ||   124
       Kick              ||    29
       Punch             ||     2
  Eat: Chunk             ||     1
Armor: Robe              ||    14
       Ring mail         ||    57
Dodge: Dodged            ||    48
